 Dungeon Sprint DCSS version 0.21-a0-110-g8e1637b (webtiles) character file.

7 Kidiri the Sneak (level 1, -4/13 HPs)
             Began as a Spriggan Enchanter on July 9, 2017.
             Slain by a crocodile (5 damage)
             ... in the Dungeon (Sprint II: "The Violet Keep of Menkaure").
             The game lasted 00:01:46 (483 turns).

Kidiri the Sneak (Spriggan Enchanter)                Turns: 483, Time: 00:01:47

Health: -4/13      AC:  2    Str:  9    XL:     1   Next: 83%
Magic:  5/5        EV: 19    Int: 16    God:
Gold:   243        SH:  0    Dex: 16    Spells: 5/6 levels left

rFire    . . .     SeeInvis +   a - +1 dagger
rCold    . . .     Gourm    .   (shield restricted)
rNeg     . . .     Faith    .   b - +0 robe
rPois    .         Spirit   .   (helmet restricted)
rElec    .         Reflect  .   (no cloak)
rCorr    .         Harm     .   (gloves unavailable)
MR       .....     NoTele   +   (boots unavailable)
Stlth    ..........             (no amulet)
HPRegen  0.04/turn              (no ring)
MPRegen  0.09/turn              (no ring)

@: berserking, very quick
A: unfitting armour, see invisible, herbivore 3, speed 3, slow metabolism 2
a: no special abilities


You were in the Dungeon.
You were not hungry.

You visited 1 branch You collected 243 gold pieces.

Inventory:

Hand Weapons
 a - a +1 dagger (weapon)
Armour
 b - a +0 robe (worn)
Scrolls
 j - a scroll of blinking
Potions
 f - a potion of heal wounds
 g - a potion of haste
 h - 2 potions of magic
Books
 c - a book of Maledictions

   Spells                             Type                      Level
   a - Corona                         Hexes                        1
   b - Ensorcelled Hibernation        Hexes/Ice                    2
   c - Confuse                        Hexes                        3
   d - Tukima's Dance                 Hexes                        3
   e - Dazzling Spray                 Conjuration/Hexes            3
Comestibles
 d - a bread ration


   Skills:
 + Level 0.5 Fighting
 * Level 2.1 Short Blades
 + Level 0.3 Armour
 * Level 3.7 Dodging
 * Level 5.0 Stealth
 * Level 3.3 Spellcasting
 + Level 3.8 Hexes


You had 5 spell levels left.
You knew the following spells:

 Your Spells              Type           Power        Failure   Level  Hunger
a - Corona                Hex            ##.....      3%          1    None


Dungeon Overview and Level Annotations

Branches:
Dungeon (1/1)

Altars:

Shops:
D *[[=:=!!


Innate Abilities, Weirdness & Mutations

You are very small and have problems with some larger weapons.
You are too small for most types of armour.
You have supernaturally acute eyesight. (SInv)
You are a herbivore.
You cover ground extremely quickly.
You need consume almost no food.


Message History

You impale the worm!!
You kill the worm!
Your Short Blades skill increases to level 2!
Your Stealth skill increases to level 5!
Unknown command.
A red film seems to cover your vision as you go berserk!
You feel yourself moving faster!
You feel mighty! The crocodile misses you.
You puncture the crocodile!
The crocodile is moderately wounded.
The crocodile bites you!
Ouch! That really hurt!
* * * LOW HITPOINT WARNING * * *
You are too injured to fight recklessly!
You are too injured to fight recklessly!
You barely miss the crocodile.
The crocodile is moderately wounded.
You puncture the crocodile!
The crocodile is severely wounded.
The crocodile bites you.
You die...

######≈ ∩....#≈
.∩...#≈ ∩.∩..#≈
.∩.⌠.#≈ ### #
∩.∩..#≈##.###+# .##
.∩...#≈#...##.##$w.#
+≈t##.+.w.+#
.....#≈#@####.##.w.#
▓▓▓###≈##.# #+# .##
######≈ ## .#. # ##
aa aa ### ###


You could see a crocodile.

Vanquished Creatures
  2 worms (D)
2 creatures vanquished.

Vanquished Creatures (others)
  Menkaure (D)
1 creature vanquished.

Grand Total: 3 creatures vanquished

Notes
Turn   | Place    | Note
-------+----------+-------------------------------------------
     0 | D        | Kidiri the Spriggan Enchanter began the quest for the Orb.
     0 | D        | Reached XP level 1. HP: 9/9 MP: 5/5
     1 | D        | Noticed a tyrant leech
     1 | D        | Noticed a tyrant leech
     4 | D        | Noticed a worker ant
     4 | D        | Noticed a worker ant
     4 | D        | Noticed a worker ant
     4 | D        | Noticed a worker ant
    72 | D        | Killed Menkaure
   477 | D        | Found Nazeykh's Jewellery Emporium.
   477 | D        | Found Ysmey's Distillery.
   477 | D        | Found Wehunkoe's Antique Armour Shoppe.
   477 | D        | Found Botzautt's Book Shoppe.
   477 | D        | Found Acraha's Distillery.
   477 | D        | Found Memus's Antique Armour Emporium.
   477 | D        | Found Ohirph's Jewellery Emporium.
   477 | D        | Found Eroutt's General Store.
   477 | D        | Noticed a crocodile
   479 | D        | Reached skill level 5 in Stealth
   483 | D        | Slain by a crocodile

Vault maps used:
D:        the_violet_keep_of_menkaure

Skill      XL: |  1 |
---------------+----+-----
Spellcasting   | 3 |  3.3
Short Blades   | 2 |  2.1
Stealth        | 5 |  5.0
Fighting       | |  0.5
Armour         | |  0.3
Dodging        | |  3.7
Hexes          | |  3.8

Action                   || total
-------------------------++-------
Melee: Dagger            ||    10
 Cast: Corona            ||     1
  Use: Potion            ||     2
 Stab: Sleeping          ||     2
Armor: Robe              ||     1
Dodge: Dodged            ||     4
